 Dungeon Crawl Stone Soup version 0.19-a0-1899-g2d93087 (webtiles) character file.

90 Lochraine the Firebug (level 4, -6/24 HPs)
             Began as a Deep Elf Fire Elementalist on Oct 19, 2016.
             Was an Initiate of Sif Muna.
             Killed from afar by monday's ghost (28 damage)
             ... with a flame tongue
             ... on level 3 of the Dungeon.
             The game lasted 00:07:48 (1882 turns).

Lochraine the Firebug (Deep Elf Fire Elementalist)  Turns: 1882, Time: 00:07:48

Health: -6/24      AC:  3    Str:  5    XL:     4   Next: 32%
Magic:  7/12       EV: 13    Int: 21    God:    Sif Muna [......]
Gold:   38         SH:  0    Dex: 15    Spells: 3 memorised, 5 levels left

rFire  x . .     SeeInvis .     k - -1 dagger (curse)
rCold  + . .     Gourm    .     a - +0 robe
rNeg   . . .     Faith    .     (no shield)
rPois  .         Spirit   .     (no helmet)
rElec  .         Reflect  .     (no cloak)
rCorr  .         Harm     +     n - +0 pair of gloves
MR     .....                    (no boots)
Stlth  ++........               j - amulet of harm
                                (no ring)
                                i - ring of ice

@: no status effects
A: no striking features
a: Renounce Religion


You were on level 3 of the Dungeon.
You worshipped Sif Muna.
Sif Muna was noncommittal.
You were not hungry.

You visited 1 branch of the dungeon, and saw 3 of its levels.

You collected 38 gold pieces.

Inventory:

Hand Weapons
 k - a cursed -1 dagger (weapon)
Armour
 a - a +0 robe (worn)
 n - a +0 pair of gloves (worn)
Jewellery
 i - a ring of ice (left hand)
 j - an amulet of harm (around neck)
Wands
 l - a wand of acid (9/15)
Scrolls
 d - a scroll of identify {unknown}
 e - a scroll of amnesia {unknown}
 m - a scroll of remove curse {unknown}
 o - a scroll of teleportation {unknown}
 p - a scroll of blinking {unknown}
Potions
 g - 2 potions of curing {unknown}
 h - a potion of flight {unknown}
 q - a potion of haste {unknown}
Books
 b - a book of Flames

   Spells                             Type                      Level
   a - Flame Tongue                   Conjuration/Fire             1
   b - Throw Flame                    Conjuration/Fire             2
   c - Conjure Flame                  Conjuration/Fire             3
   d - Inner Flame                    Hexes/Fire                   3
   e - Sticky Flame                   Conjuration/Fire             4
   f - Fireball                       Conjuration/Fire             5
Comestibles
 c - 3 bread rations
 f - 5 chunks of flesh


   Skills:
 - Level 2.4 Dodging
 - Level 2.4 Stealth
 - Level 4.0 Spellcasting
 + Level 2.9 Conjurations
 + Level 4.3 Fire Magic


You had 5 spell levels left.
You knew the following spells:

 Your Spells              Type           Power        Failure   Level  Hunger
a - Flame Tongue          Conj/Fire      ###..        2%          1    None
b - Throw Flame           Conj/Fire      ###...       4%          2    #......
c - Conjure Flame         Conj/Fire      ###.....     10%         3    ###....


Dungeon Overview and Level Annotations

Branches:
Dungeon (3/15)

Altars:
Elyvilon
Hepliaklqana
Sif Muna

Annotations:
D:3 monday's ghost, amateur OpFE


Message History

Monday's ghost closely misses you.
Casting: Flame Tongue
Confirm with . or Enter, or press ? or * to list all spells.
Aiming: Flame Tongue
Press: ? - help, Shift-Dir - straight line, f/p - monday's ghost
Aim: monday's ghost (moderately damaged)
The flame tongue hits monday's ghost.
Monday's ghost is heavily damaged.
Monday's ghost hits you.
Casting: Flame Tongue
Confirm with . or Enter, or press ? or * to list all spells.
Aiming: Flame Tongue
Press: ? - help, Shift-Dir - straight line, f/p - monday's ghost
Aim: monday's ghost (heavily damaged)
The flame tongue hits monday's ghost.
Monday's ghost is severely damaged.
Monday's ghost casts a spell at you. The flame tongue hits you!
The fire burns you terribly!
Ouch! That really hurt!
You die...

#....####..#.####.## #....##
##.#..)....########
#.....####.######..#.......
+.........>........+.......
#.....###########..#.......
###.............#..........
...........................
.....รท........#.##._8_.....
................@W.......##
......#####.#...##.......#
......# #...#.##.......#
......# ###.#.##########
####### #.#.# #########
#.#.# #.......#####.#.#
#.............#'########
#.......##(............#


You could see monday's ghost.

Vanquished Creatures
  3 adders (D:2)
  An ooze (D:2)
  A dart slug (D:2)
  2 leopard geckos
  2 ball pythons (D:2)
  8 bats
  3 giant cockroaches
  4 hobgoblins
  8 kobolds
  5 frilled lizards
  9 goblins
  9 rats
55 creatures vanquished.

Notes
Turn   | Place    | Note
-------+----------+-------------------------------------------
     0 | D:1      | Lochraine the Deep Elf Fire Elementalist began the quest for the Orb.
     0 | D:1      | Reached XP level 1. HP: 10/10 MP: 6/6
   221 | D:1      | Reached XP level 2. HP: 15/15 MP: 4/8
   225 | D:1      | Learned a level 2 spell: Throw Flame
   801 | D:2      | Reached XP level 3. HP: 12/19 MP: 5/10
  1216 | D:2      | Learned a level 3 spell: Conjure Flame
  1419 | D:2      | Found a white marble altar of Elyvilon.
  1494 | D:2      | Reached XP level 4. HP: 24/24 MP: 12/12
  1760 | D:3      | Found a deep blue altar of Sif Muna.
  1760 | D:3      | Found a hazy altar of Hepliaklqana.
  1766 | D:3      | Became a worshipper of Sif Muna the Loreminder
  1878 | D:3      | Noticed monday's ghost (amateur OpFE)
  1882 | D:3      | Killed from afar by monday's ghost

Vault maps used:
D:1:      lemuel_arrival_behind_the_door_small
D:2:      lemuel_crystal_altar, first_bread
D:3:      cheibriados_altar_1, chequers_temple_overflow_statue_of_worship

Skill      XL: |  1  2  3 |
---------------+----------+-----
Conjurations   | 2 |  2.9
Spellcasting   | 4 |  4.0
Fire Magic     | 4 |  4.3
Dodging        | |  2.4
Stealth        | |  2.4

Action                   |  1- 3 |  4- 6 || total
-------------------------+-------+-------++-------
Melee: Club              |     5 |       ||     5
       Dagger            |    44 |     4 ||    48
 Cast: Flame Tongue      |    49 |    19 ||    68
       Throw Flame       |     4 |     2 ||     6
 Stab: Sleeping          |     6 |     1 ||     7
  Eat: Chunk             |     2 |     1 ||     3
Armor: Robe              |    19 |       ||    19
Dodge: Dodged            |    59 |     5 ||    64
